 Dungeon Crawl Stone Soup version 0.17-a0-1882-g750edc8 (webtiles) character file.

39813 shakdrar the Impaler (level 14, -6/113 HPs)
             Began as a Merfolk Berserker on Sept 22, 2015.
             Was a High Priest of Trog.
             Mangled by a death yak (23 damage)
             ... on level 7 of the Lair of Beasts.
             The game lasted 01:31:27 (21261 turns).

shakdrar the Impaler (Merfolk Berserker)           Turns: 21261, Time: 01:31:27

Health: -6/113     AC: 17    Str: 19    XL:     14   Next: 8%
Magic:  17/17      EV: 19    Int: 17    God:    Trog [*****.]
Gold:   1122       SH:  8    Dex: 16    Spells: 0 memorised, 13 levels left

rFire  . . .     SeeInvis +     r - +8 trident (pierce)
rCold  x . .     Clarity  .     U - +5 ring mail "Yguduam" {rC- rCorr Int+7 SInv}
rNeg   . . .     SustAt   .     p - +2 buckler
rPois  +         Gourm    +     T - +1 helmet {Int+3}
rElec  .         Spirit   .     O - +1 cloak
rCorr  +         Warding  .     V - +0 pair of gloves
rMut   .         Stasis   .     (no boots)
MR     ++++.                    v - amulet of the gourmand
Stlth  +.........               g - ring of protection from magic
                                k - ring of poison resistance

@: exhausted, very slightly contaminated, regenerating, hasted and slowed,
incredibly resistant to hostile enchantments, very unstealthy
A: change form in water, swift swim
a: Burn Spellbooks, Berserk, Trog's Hand, Brothers in Arms, Renounce Religion


You were on level 7 of the Lair of Beasts.
You worshipped Trog.
Trog was extremely pleased with you.
You were very full.

You visited 3 branches of the dungeon, and saw 17 of its levels.

You collected 1122 gold pieces.

Inventory:

Hand weapons
 m - a +5 scythe
 r - a +8 trident of piercing (weapon)
 x - a +0 blowgun
 z - a +4 battleaxe
 A - a +4 antimagic executioner's axe
 K - a +2 hand axe of flaming
 X - a +6 antimagic spear
Missiles
 h - 23 poisoned needles
 w - 2 curare-tipped needles
 J - 5 tomahawks of returning (quivered)
 N - 6 needles of sleeping
Armour
 o - a +0 scale mail
 p - a +2 buckler (worn)
 q - the +1 robe of Amorality {*Contam rC+++ Regen+ Stlth+}
   (You found it on level 8 of the Dungeon)

   It renders you almost immune to cold.
   It causes magical contamination when unequipped.
   It increases your rate of regeneration.
   It makes you more stealthy.
 D - a +2 scale mail of fire resistance
 O - a +1 cloak (worn)
 T - a +1 helmet of intelligence (worn)
 U - the +5 ring mail "Yguduam" (worn) {rC- rCorr Int+7 SInv}
   (You found it on level 6 of the Lair of Beasts)

   It affects your intelligence (+7).
   It makes you vulnerable to cold.
   It lets you see invisible.
   It protects you from acid and corrosion.
 V - a +0 pair of gloves (worn)
Jewellery
 b - an uncursed amulet of warding
 g - a ring of protection from magic (right hand)
 k - a ring of poison resistance (left hand)
 n - an uncursed amulet of resist mutation
 v - an amulet of the gourmand (around neck)
 y - an uncursed ring of stealth
 B - an uncursed ring of protection from cold
 E - an uncursed ring of fire
Magical devices
 s - a wand of teleportation (9)
Scrolls
 i - 2 scrolls of identify
 j - 7 scrolls of teleportation
 l - 10 scrolls of remove curse
 t - 2 scrolls of magic mapping
 G - 3 scrolls of fog
Potions
 a - 3 potions of might
 e - 3 potions of curing
 f - a potion of haste
 C - a potion of ambrosia
 F - a potion of lignification {unknown}
 P - a potion of flight
 W - 2 potions of magic
Books
 I - a book of Dreams

   Spells                             Type                      Level
   a - Ensorcelled Hibernation        Hexes/Ice                    2
   b - Phase Shift                    Translocation                5
   c - Shadow Creatures               Summoning                    5
   d - Silence                        Hexes/Air                    5
   e - Darkness                       Hexes                        6
   f - Mass Confusion                 Hexes                        6
   Trog disapproves of the use of such an item.
 Q - a book of Maledictions

   Spells                             Type                      Level
   a - Corona                         Hexes                        1
   b - Ensorcelled Hibernation        Hexes/Ice                    2
   c - Confuse                        Hexes                        3
   d - Tukima's Dance                 Hexes                        3
   e - Dazzling Spray                 Conjuration/Hexes            3
   Trog disapproves of the use of such an item.
 R - a Fen Folio

   Spells                             Type                      Level
   a - Corpse Rot                     Necromancy                   2
   b - Stone Arrow                    Conjuration/Earth            3
   c - Leda's Liquefaction            Hexes/Earth                  4
   d - Summon Forest                  Summoning/Translocation      5
   e - Hydra Form                     Transmutation                6
   f - Summon Hydra                   Summoning                    7
   Trog disapproves of the use of such an item.
 S - a Young Poisoner's Handbook

   Spells                             Type                      Level
   a - Sting                          Conjuration/Poison           1
   b - Cure Poison                    Poison                       2
   c - Mephitic Cloud                 Conjuration/Poison/Air       3
   d - Olgreb's Toxic Radiance        Poison                       4
   e - Venom Bolt                     Conjuration/Poison           5
   Trog disapproves of the use of such an item.
Comestibles
 c - 5 bread rations
 d - 9 meat rations
 u - 3 beef jerkies
 H - 3 royal jellies
 L - 17 fruits
 M - 6 slices of pizza
 Y - 9 chunks of flesh


   Skills:
 + Level 11.3 Fighting
 * Level 19.1 Polearms
 + Level 7.7 Armour
 - Level 11.8 Dodging
 - Level 8.6 Shields
 + Level 5.1 Evocations


You had 13 spell levels left.
You didn't know any spells.

Dungeon Overview and Level Annotations

Branches:
Dungeon (9/15)             Temple (1/1) D:5            Lair (7/8) D:8
  Swamp (0/4) Lair:4        Snake (0/4) Lair:5        Slime (0/6) Lair:6
    Orc: D:9-12

Altars:
Ashenzari
Cheibriados
Dithmenos
Elyvilon
Fedhas
Kikubaaqudgha
Makhleb
Nemelex Xobeh
Okawaru
Qazlal
Ru
Sif Muna
Trog
Vehumet
Xom
Yredelemnul
Zin
The Shining One

Shops:
D:7 %

Annotations:
D:9 Erolcha
Lair:6 exclusion: 2 oklob plants


Message History

The death yak misses you. You block the yak's attack. The yak gores your ogre!
Your ogre dies!
Your ogre's corpse disappears in a puff of smoke!
Found a stone staircase leading up.
The death yak gores you!!
* * * LOW HITPOINT WARNING * * *
You block the death yak's attack.
Use which ability?
Your skin crawls.
You feel resistant to hostile enchantments.
You feel slightly less full. The death yak gores you!
* * * LOW HITPOINT WARNING * * *
The death yak barely misses you.
Drink which item? (? for menu, Esc to quit)
You feel yourself speed up. The death yak barely misses you.
You are very lightly contaminated with residual magic.
You puncture the death yak!
The death yak is lightly wounded.
The death yak gores you!!
You die... ###P...# ## ...P..##.##. $.......P.. #........<. #.......... #.P........ #YYY.P#

##Y#...# #.......#
#@##Y.P###........
#..P.##.#Y##.#..#.....
##.P. ###.Y##.YY#...$.
#...# #YY.##........
##.# #†..%...P.P... ..
#.#####..PP... ..
#.#####YPPPY.. #..
##..#...YP.Y...
#.....YPPYY....


You could see 2 death yaks and 2 yaks.

Vanquished Creatures
  Rupert (Lair:5)
  Maud (Lair:5)
  Snorg (Lair:3)
  4 hydras
  The ghost of barthelm the Slicer, a powerful KoBe of Trog (Lair:1)
  4 death yaks (Lair:7)
  The ghost of shakdrar the Cleaver, an experienced HOAK of Lugonu (D:6)
  Pikel (D:7)
  An elephant (D:8)
  9 spiny frogs
  5 black mambas
  2 torpor snails (Lair:7)
  A fire drake (Lair:3)
  6 komodo dragons
  2 polar bears (Lair:5)
  Grinder (D:6)
  4 giant leeches
  The ghost of Uberwunderbarhen the Ducker, an average OpFi (D:3)
  35 yaks
  18 blink frogs
  A boulder beetle (Lair:7)
  Sigmund (D:2)
  6 basilisks
  10 hippogriffs
  Menkaure (D:6)
  12 porcupines
  5 water moccasins
  2 nagas (Lair:5)
  A gnoll shaman (D:7)
  3 black bears
  A necrophage (D:9)
  3 orc warriors
  An ice beast (D:8)
  An ogre (D:9)
  3 centaurs
  3 phantoms
  12 crocodiles
  16 giant frogs
  A sky beast (D:6)
  Blork the orc (D:6)
  17 big kobolds (D:8)
  A gnoll sergeant (D:7)
  2 scorpions
  3 wights (D:8)
  4 hounds
  3 crimson imps
  A quasit (D:6)
  A centaur zombie (D:5)
  5 orc priests
  13 jellies
  A giant frog skeleton (D:5)
  6 iguanas
  A centaur skeleton (D:4)
  Jessica (D:2)
  2 orc wizards
  4 worker ants
  20 sheep
  A hound zombie (D:9)
  A worker ant zombie (D:8)
  10 gnolls
  8 adders
  58 river rats
  2 shadow imps
  An adder zombie (D:8)
  An ooze (Lair:6)
  5 worms
  6 giant geckos
  26 orcs
  A ball python (D:2)
  8 bats
  3 giant cockroaches
  5 hobgoblins
  17 jackals
  3 quokkas
  A giant gecko zombie (D:6)
  3 giant newts
  4 goblins
  A jackal zombie (D:4)
  16 kobolds
  8 rats
  A fungus (Lair:1)
  2 plants
460 creatures vanquished.

Vanquished Creatures (collateral kills)
  Nessos (Lair:5)
  A spiny frog (Lair:5)
  A komodo dragon (Lair:5)
  A blink frog (Lair:5)
4 creatures vanquished.

Vanquished Creatures (others)
  2 slaves (D:7)
  A giant frog (D:7)
  A crimson imp (D:7)
  A river rat (Lair:7)
  20 fungi
  16 plants (Lair:7)
41 creatures vanquished.

Grand Total: 505 creatures vanquished

Notes
Turn   | Place    | Note
--------------------------------------------------------------
     0 | D:1      | shakdrar the Merfolk Berserker began the quest for the Orb.
     0 | D:1      | Reached XP level 1. HP: 18/18 MP: 1/1
   107 | D:1      | Reached XP level 2. HP: 18/24 MP: 2/2
   291 | D:1      | Reached skill level 5 in Polearms
   944 | D:2      | Reached XP level 3. HP: 26/29 MP: 3/3
  1005 | D:2      | Acquired Trog's second power
  1292 | D:2      | Noticed Jessica
  1302 | D:2      | Killed Jessica
  1302 | D:2      | Reached skill level 1 in Shields
  1302 | D:2      | Reached XP level 4. HP: 29/37 MP: 4/4
  1606 | D:2      | Found a glowing golden altar of the Shining One.
  1607 | D:2      | Found a shimmering altar of Xom.
  1613 | D:2      | Found a shadowy altar of Dithmenos.
  1988 | D:2      | Noticed Sigmund
  2012 | D:2      | Killed Sigmund
  2012 | D:2      | Reached skill level 6 in Polearms
  2012 | D:2      | Reached XP level 5. HP: 18/42 MP: 5/5
  2012 | D:2      | Reached XP level 6. HP: 20/48 MP: 6/6
  2516 | D:2      | Reached skill level 7 in Polearms
  3494 | D:3      | Noticed Uberwunderbarhen's ghost (average OpFi)
  3501 | D:3      | Killed Uberwunderbarhen's ghost
  3501 | D:3      | Reached XP level 7. HP: 55/55 MP: 7/7
  3825 | D:4      | Found a shadowy altar of Dithmenos.
  4152 | D:4      | Reached skill level 5 in Dodging
  4183 | D:4      | Reached skill level 8 in Polearms
  4412 | D:5      | Entered Level 5 of the Dungeon
  4585 | D:5      | Found a staircase to the Ecumenical Temple.
  4753 | D:5      | Reached XP level 8. HP: 55/61 MP: 8/8
  5628 | D:6      | Reached skill level 9 in Polearms
  5631 | D:6      | Reached skill level 5 in Fighting
  5675 | D:6      | Noticed Grinder
  5700 | D:6      | Killed Grinder
  5933 | D:6      | Reached skill level 10 in Polearms
  6053 | D:6      | Noticed shakdrar's ghost (experienced HOAK)
  6064 | D:6      | Killed shakdrar's ghost
  6064 | D:6      | Reached XP level 9. HP: 69/69 MP: 9/9
  6275 | D:6      | Noticed Menkaure
  6284 | D:6      | Killed Menkaure
  6285 | D:6      | Reached skill level 11 in Polearms
  6508 | D:6      | Found an iron altar of Okawaru.
  6814 | D:6      | Noticed Blork the orc
  6822 | D:6      | Killed Blork the orc
  7078 | D:7      | Found a glowing golden altar of the Shining One.
  7111 | D:7      | Found a sacrificial altar of Ru.
  7348 | D:7      | Reached skill level 5 in Shields
  7360 | D:7      | Acquired Trog's third power
  7569 | D:7      | Noticed Pikel
  7577 | D:7      | Killed Pikel
  7577 | D:7      | Reached skill level 12 in Polearms
  7577 | D:7      | Reached XP level 10. HP: 77/77 MP: 10/10
  7621 | D:7      | Found Wakeaqid's Food Shoppe.
  8157 | D:7      | Received a gift from Trog
  8585 | D:8      | Got an ancient robe
  8596 | D:8      | Identified the +1 robe of Amorality {*Contam rC+++ Regen+ Stlth+} (You found it on level 8 of the Dungeon)
  8671 | D:8      | Reached skill level 13 in Polearms
  8871 | D:8      | Found a staircase to the Lair.
  8871 | D:8      | Noticed an elephant
  8881 | D:8      | Killed an elephant
  9073 | D:8      | Noticed a three-headed hydra
  9081 | D:8      | Killed a one-headed hydra
  9172 | D:8      | Reached skill level 5 in Armour
  9312 | D:8      | Reached skill level 14 in Polearms
  9312 | D:8      | Reached XP level 11. HP: 85/85 MP: 11/11
  9465 | D:8      | Found a stormy altar of Qazlal.
  9702 | D:9      | Noticed Erolcha
  9974 | Lair:1   | Entered Level 1 of the Lair of Beasts
 10288 | Lair:1   | Reached skill level 10 in Dodging
 10299 | Lair:1   | Reached skill level 15 in Polearms
 10820 | Lair:1   | Noticed barthelm's ghost (powerful KoBe)
 10849 | Lair:1   | Killed barthelm's ghost
 11732 | Lair:1   | Gained mutation: Armour fits poorly on your strangely shaped body. [mutagenic glow]
 12042 | Lair:1   | Received a gift from Trog
 12179 | Lair:2   | Reached XP level 12. HP: 24/94 MP: 12/12
 12184 | Lair:2   | HP: 1/94 [sheep (5)]
 13123 | Lair:2   | Reached skill level 16 in Polearms
 13301 | Lair:3   | Noticed Snorg
 13313 | Lair:3   | Killed Snorg
 15178 | Temple   | Entered the Ecumenical Temple
 16153 | Lair:4   | Received a gift from Trog
 16367 | Lair:4   | Reached skill level 17 in Polearms
 16636 | Lair:4   | Reached skill level 1 in Evocations
 17050 | Lair:4   | Reached XP level 13. HP: 83/103 MP: 13/13
 17062 | Lair:4   | Reached skill level 10 in Fighting
 17271 | Lair:4   | Lost mutation: Armour fits poorly on your strangely shaped body. [potion of cure mutation]
 17490 | Lair:4   | Found a staircase to the Swamp.
 17734 | Lair:5   | Noticed Maud
 17742 | Lair:5   | Killed Maud
 18043 | Lair:5   | Noticed Nessos
 18056 | Lair:5   | Killed Nessos
 18363 | Lair:5   | Found a staircase to the Snake Pit.
 18439 | Lair:5   | Reached skill level 18 in Polearms
 18590 | Lair:5   | Noticed Rupert
 18609 | Lair:5   | Killed Rupert
 19400 | Lair:6   | Received a gift from Trog
 19459 | Lair:6   | Found a staircase to the Slime Pits.
 19631 | Lair:6   | Got a brightly glowing ring mail
 19642 | Lair:6   | Identified the +5 ring mail "Yguduam" {rC- rCorr Int+7 SInv} (You found it on level 6 of the Lair of Beasts)
 20808 | Lair:7   | Received a gift from Trog
 20885 | Lair:7   | Reached XP level 14. HP: 104/113 MP: 17/17
 20895 | Lair:7   | Reached skill level 19 in Polearms
 21187 | Lair:7   | Reached skill level 5 in Evocations
 21261 | Lair:7   | Mangled by a death yak

Vault maps used:
D:1:      lemuel_arrival_room
D:2:      minitemple, first_bread, uniq_jessica, uniq_sigmund
D:4:      nicolae_dithmenos_shadow_blocks
D:5:      minmay_temple_entry_purple_smoke
D:6:      okawaru_metal_pillars_3, uniq_menkaure, uniq_grinder,
          uniq_blork_the_orc
D:7:      black_bear_nest_1, serial_shops, nicolae_shop_stone, basic_altar,
          nicolae_ru_awakened_eye, uniq_pikel
D:8:      david_lair_generic, basic_altar, special_room, hangedman_ranch,
          nicolae_underground_beach
D:9:      uniq_erolcha
Temple:   nicolae_temple_x_marks_the_god_16
Lair:2:   serial_bayou_pond_e, serial_bayou_shore_a
Lair:3:   uniq_snorg
Lair:4:   minmay_swamp_entry_worms
Lair:5:   minmay_snake_entry_guardpost_small, grunt_megastairs_3, uniq_rupert,
          uniq_maud, uniq_nessos
Lair:6:   minmay_slime_entry_jelly_boxes, dpeg_oklob_1,
          infiniplex_staircase_pool_2

Action                   |  1- 3 |  4- 6 |  7- 9 | 10-12 | 13-15 || total
-------------------------+-------+-------+-------+-------+-------++-------
Melee: Spear             |    99 |    86 |       |     8 |       ||   193
       Scythe            |       |    45 |   233 |   636 |       ||   914
       Hand axe          |       |       |       |    94 |    36 ||   130
       Trident           |       |       |       |    87 |   409 ||   496
Invok: Berserk           |     1 |     2 |     5 |    21 |     8 ||    37
       Trog's Hand       |     1 |     1 |     3 |     7 |     1 ||    13
       Brothers in Arms  |       |       |       |       |     3 ||     3
  Use: Scroll            |     4 |     4 |     3 |    10 |     2 ||    23
       Potion            |       |     1 |       |     7 |     6 ||    14
 Stab: Sleeping          |       |     3 |     6 |     4 |       ||    13
  Eat: Chunk             |     1 |    10 |    27 |    73 |    24 ||   135
